Map: Lost and Found LE

Players

RiSky - Winner!

  • Race: Zerg Zerg
  • League: Master
  • Spawn Location: 1:00

InZaNe

  • Race: Terran Terran
  • League: Grandmaster
  • Spawn Location: 7:00

Event: HomeStory Cup XVII

VOD

Have the link to the VOD?

Description

Time

  • Played on: June 28, 2018, 8:35 a.m.
  • Length: 16:36

All games in this series

Show
View Real Time Build Order
Export as new Build Order

RiSky Zerg - Winner!

Build Orders: Hatch First 

Get SALT Encoding   

  12  0:00  Drone  
  13  0:12  Overlord  
  13  0:17  Drone  
  14  0:30  Drone x2  
  14  0:33  Drone  
  17  0:51  Hatchery  
  17  0:53  Drone  
  17  0:57  Drone  
  18  1:07  Extractor  
  17  1:12  Spawning Pool  
  17  1:15  Drone  
  17  1:18  Drone  
  18  1:27  Drone  
  19  1:37  Overlord  
  19  1:48  Drone  
  20  1:58  Queen  
  20  1:59  Zergling x2  
  23  2:02  Queen  
  23  2:03  Zergling x2  
  23  2:07  Metabolic Boost  
  26  2:10  Drone  
  26  2:13  Drone  
  28  2:21  Drone  
  29  2:24  Drone  
  30  2:32  Hatchery  
  30  2:37  Drone  
  29  2:43  Queen  
  31  2:50  Overlord  
  31  2:52  Drone x2  
  31  2:53  Drone  
  31  2:57  Drone  
  35  3:10  Drone x2  
  35  3:11  Drone  
  35  3:12  Drone x5  
  43  3:18  Overlord  
  43  3:36  Overlord, Queen x2  
  43  3:38  Drone x2  
  43  3:40  Drone  
  50  3:42  Drone  
  50  3:46  Queen  
  50  3:47  Drone x3  
  56  3:50  Drone  
  56  3:54  Overlord  
  57  3:56  Drone x2  
  57  3:57  Drone  
  57  4:00  Zergling x2  
  57  4:01  Zergling x2  
  62  4:05  Drone  
  62  4:09  Zergling x2  
  65  4:10  Zergling x2  
  65  4:11  Queen  
  67  4:17  Overlord, Lair  
  67  4:19  Overlord  
  67  4:20  Overlord  
  67  4:28  Overlord  
  67  4:34  Overlord  
  67  4:36  Extractor  
  67  4:37  Baneling Nest, Drone x2, Extractor  
  66  4:40  Drone x2  
  66  4:42  Overlord  
  66  4:43  Drone x2  
  66  4:44  Drone  
  66  4:45  Drone x2  
  73  4:48  Drone  
  73  4:52  Overlord  
  74  4:55  Drone x2  
  74  4:56  Drone  
  74  4:57  Overlord  
  76  5:03  Spore Crawler x2  
  76  5:04  Spore Crawler, Drone  
  76  5:05  Drone  
  75  5:09  Drone  
  75  5:11  Evolution Chamber x2  
  75  5:13  Drone x2  
  76  5:20  Hatchery  
  75  5:22  Drone  
  75  5:25  Drone x2  
  75  5:27  Drone x2  
  75  5:28  Drone  
  81  5:32  Centrifical Hooks  
  81  5:33  Extractor  
  81  5:34  Drone, Extractor  
  80  5:37  Drone x3  
  80  5:41  Zerg Ground Armor Level 1  
  83  5:44  Drone x2  
  83  5:47  Drone  
  83  5:48  Drone x2  
  88  5:50  Drone  
  88  5:52  Zerg Melee Weapons Level 1  
  88  5:54  Extractor  
  88  5:55  Overlord  
  88  6:00  Drone  
  88  6:02  Zergling x8  
  88  6:03  Hydralisk Den  
  92  6:07  Zergling x8  
  96  6:16  Baneling x8  
  96  6:17  Zergling x4, Hatchery  
  97  6:22  Zergling x8  
  101  6:27  Overlord  
  101  6:34  Zergling x8  
  101  6:37  Muscular Augments, Hydralisk x3  
  111  6:41  Pneumatized Carapace  
  111  6:42  Hydralisk  
  111  6:43  Overlord  
  111  6:45  Hydralisk  
  115  6:52  Baneling x4  
  115  6:53  Zergling x4  
  117  6:55  Zergling x6  
  120  7:02  Zergling x16  
  120  7:07  Hydralisk x2  
  121  7:14  Zergling x6  
  119  7:19  Hydralisk x3  
  119  7:20  Hydralisk  
  121  7:24  Hydralisk x2  
  121  7:27  Drone  
  121  7:29  Baneling x7  
  126  7:31  Overlord, Drone  
  126  7:33  Drone  
  127  7:39  Overlord  
  127  7:40  Drone  
  127  7:41  Drone x2  
  129  7:44  Zerg Ground Armor Level 2  
  129  7:46  Drone x2  
  129  7:48  Drone  
  129  7:49  Drone  
  129  7:51  Drone x2  
  134  7:53  Drone  
  134  7:56  Drone  
  134  7:57  Drone x2  
  139  7:58  Drone  
  139  7:59  Zerg Melee Weapons Level 2  
  139  8:01  Hydralisk  
  139  8:05  Hydralisk x2  
  142  8:08  Hydralisk  
  142  8:09  Hydralisk  
  142  8:12  Hydralisk x2  
  147  8:18  Hydralisk  
  147  8:19  Hydralisk  
  155  8:26  Drone  
  156  8:27  Infestation Pit  
  156  8:29  Zergling x6  
  156  8:30  Zergling x6  
  156  8:32  Zergling x6  
  164  8:36  Zergling x4  
  164  8:40  Zergling x2  
  164  8:41  Zergling x4  
  165  8:45  Overlord  
  165  8:49  Hatchery  
  165  8:53  Spore Crawler  
  163  8:59  Zergling x6  
  165  9:02  Grooved Spines  
  165  9:03  Hive  
  165  9:06  Zergling x20  
  171  9:12  Baneling x14  
  171  9:17  Overlord x3  
  171  9:23  Zergling x6  
  174  9:29  Overlord  
  172  9:41  Zergling x22  
  182  9:46  Baneling  
  182  9:52  Zergling x24  
  184  9:58  Zergling x4  
  184  9:59  Zergling x10  
  163  10:04  Zergling x10  
  153  10:08  Hydralisk  
  153  10:11  Hydralisk  
  149  10:14  Hydralisk x3  
  149  10:15  Hydralisk  
  149  10:17  Hydralisk  
  155  10:23  Hydralisk x2  
  155  10:24  Hydralisk  
  157  10:28  Viper x3  
  157  10:29  Viper  
  157  10:30  Zergling x2  
  157  10:31  Zergling x2  
  157  10:33  Extractor  
  157  10:34  Extractor  
  169  10:37  Zergling x4  
  169  10:38  Zergling x16  
  174  10:45  Zergling x6  
  174  10:46  Zergling x4  
  174  10:47  Hatchery  
  174  10:49  Zergling x2  
  146  10:50  Zergling x2  
  146  10:53  Hydralisk  
  146  10:55  Hydralisk  
  148  10:59  Hatchery  
  148  11:02  Zerg Missile Weapons Level 1  
  148  11:03  Zerg Ground Armor Level 3  
  147  11:05  Hydralisk x3  
  147  11:07  Zergling x10  
  147  11:08  Zergling x10  
  163  11:11  Baneling x3  
  163  11:12  Baneling, Zergling x4  
  163  11:15  Zergling x4  
  163  11:16  Baneling x4  
  163  11:17  Baneling  
  167  11:18  Zergling x2  
  167  11:19  Zergling x4  
  167  11:25  Zergling x6  
  173  11:27  Zergling x2  
  173  11:32  Zergling x10  
  179  11:42  Zergling x2  
  179  11:43  Zergling x18  
  179  11:47  Zergling x6  
  184  11:50  Zergling x6  
  189  11:57  Hydralisk x2  
  189  11:58  Hydralisk  
  189  12:01  Drone x4  
  197  12:06  Baneling x6  
  197  12:07  Baneling x9, Zergling x4  
  198  12:22  Zergling x16  
  181  12:23  Zergling x4  
  181  12:27  Zergling x6  
  181  12:28  Zergling x12  
  171  12:32  Zergling x18  
  171  12:36  Zergling x4  
  179  12:42  Hydralisk x3  
  179  12:43  Zergling x2  
  179  12:44  Zergling x4  
  186  12:45  Adrenal Glands  
  186  12:48  Hydralisk x3  
  183  12:55  Hydralisk x4  
  183  12:58  Hydralisk x2  
  194  13:05  Baneling  
  194  13:10  Hydralisk x3  
  200  13:21  Zerg Missile Weapons Level 2  
  200  13:30  Baneling  
  200  13:31  Baneling x9  
  196  13:37  Zergling x2  
  196  13:38  Zergling x18  
  197  13:45  Zergling x24  
  193  13:52  Zergling x6  
  193  13:53  Zergling x16  
  190  13:59  Zergling x2  
  190  14:01  Zergling x12  
  163  14:07  Hydralisk  
  163  14:08  Hydralisk x3  
  161  14:11  Hydralisk x4  
  161  14:12  Hydralisk  
  161  14:16  Hydralisk x3  
  161  14:17  Hydralisk  
  175  14:20  Hatchery  
  175  14:21  Baneling x10  
  175  14:23  Hydralisk x3  
  184  14:27  Hydralisk  
  184  14:28  Hydralisk x2  
  184  14:30  Baneling x4  
  190  14:39  Zergling x20  
  199  14:57  Overseer  
  199  15:08  Baneling  
  199  15:09  Baneling x13  
  170  15:23  Zergling x10  
  170  15:24  Zergling x18  
  170  15:25  Zergling x2  
  170  15:26  Zergling x22  
  161  15:28  Hydralisk  
  161  15:30  Hydralisk  
  161  15:34  Viper x4  
  165  15:38  Zergling x10  
  165  15:41  Baneling x5  
  165  15:42  Baneling x8  
  170  15:43  Zergling x8  
  170  15:45  Overseer  
  170  15:46  Queen  
  176  15:52  Zergling x6  
  176  15:53  Zergling x6  
  176  15:55  Baneling  
  176  15:56  Baneling x7, Zergling x6  
  176  15:57  Zergling x4  
  185  16:00  Hydralisk  
  185  16:02  Hydralisk  
  166  16:05  Hydralisk  
  166  16:06  Hydralisk x2  
  166  16:09  Zergling x4  
  166  16:10  Zergling x4  
  166  16:11  Zergling x2  
  160  16:13  Zergling x4  
  160  16:17  Zergling x2  
  160  16:18  Zergling x8  
Show
View Real Time Build Order
Export as new Build Order

InZaNe Terran 

Build Orders: Hellion Opening, Reaper Expand, Bio Tank 

Get SALT Encoding   

  12  0:00  SCV  
  13  0:12  SCV  
  14  0:17  Supply Depot  
  14  0:24  SCV  
  15  0:38  SCV  
  15  0:40  Barracks  
  16  0:43  Refinery  
  16  0:50  SCV  
  17  1:03  SCV  
  18  1:15  SCV  
  19  1:27  Reaper  
  19  1:28  Orbital Command  
  20  1:40  Command Center  
  20  1:49  Supply Depot  
  20  1:55  SCV  
  20  1:59  Marine  
  22  2:08  Factory, SCV  
  23  2:17  Refinery  
  23  2:20  SCV  
  23  2:22  Barracks Reactor  
  24  2:32  SCV  
  25  2:44  SCV  
  26  2:53  Orbital Command  
  26  2:56  Starport, SCV  
  27  3:01  Hellion x2  
  31  3:08  SCV  
  31  3:09  Barracks Tech Lab  
  32  3:19  SCV  
  33  3:20  SCV  
  33  3:24  Hellion  
  33  3:25  Supply Depot  
  33  3:26  Hellion  
  38  3:31  SCV  
  38  3:33  SCV  
  40  3:38  Barracks Tech Lab  
  40  3:41  Viking  
  42  3:44  SCV  
  42  3:45  SCV  
  42  3:47  Hellion  
  46  3:49  Hellion  
  47  3:56  SCV  
  47  3:57  SCV  
  47  3:59  Supply Depot  
  49  4:05  Marine  
  49  4:07  Stimpack  
  49  4:08  SCV  
  49  4:09  SCV  
  52  4:22  SCV  
  52  4:23  Barracks  
  52  4:24  Barracks  
  54  4:27  Starport Reactor  
  54  4:28  Command Center  
  53  4:32  SCV  
  53  4:34  Supply Depot  
  53  4:36  Marine  
  55  4:39  Siege Tank  
  55  4:44  SCV  
  55  4:45  SCV  
  60  4:56  Engineering Bay x2, SCV  
  60  4:59  Marine  
  56  5:00  SCV  
  57  5:08  SCV  
  57  5:11  Starport Reactor  
  57  5:12  Marine x2, SCV  
  57  5:13  Siege Tank  
  64  5:16  Refinery  
  64  5:17  Refinery, Marine x2  
  64  5:18  Marine  
  64  5:21  Supply Depot, SCV  
  68  5:24  SCV  
  68  5:26  Terran Infantry Weapons Level 1  
  68  5:28  Terran Infantry Armor Level 1  
  69  5:33  SCV  
  70  5:36  Supply Depot  
  70  5:40  Marine x5  
  70  5:41  Orbital Command  
  75  5:46  Siege Tank  
  75  5:48  SCV  
  79  5:54  Medivac  
  81  5:58  Medivac, Marine x4  
  81  5:59  Marine  
  81  6:01  SCV  
  81  6:02  SCV  
  88  6:06  Orbital Command  
  88  6:13  SCV  
  88  6:14  SCV  
  88  6:16  Marine x2  
  92  6:25  SCV  
  93  6:26  Combat Shields, SCV  
  93  6:27  Marine x3  
  93  6:28  Supply Depot  
  93  6:29  Supply Depot x2  
  93  6:30  Medivac  
  93  6:32  Medivac  
  101  6:38  Marine  
  101  6:39  SCV x3  
  105  6:48  Armory  
  105  6:51  SCV x3  
  108  6:55  Marine x4  
  108  6:58  Marine  
  113  7:03  SCV x2  
  103  7:13  Marine x4  
  105  7:15  Marine  
  105  7:22  SCV x2  
  102  7:24  SCV  
  102  7:27  Barracks  
  102  7:28  Barracks  
  102  7:29  Factory, Barracks, Siege Tank  
  104  7:30  Marine  
  104  7:31  Marine x3  
  104  7:32  Refinery  
  104  7:34  Refinery  
  108  7:42  Marine  
  108  7:43  Medivac x2  
  113  7:48  Marine x2  
  113  7:49  Marine x2  
  113  7:50  Terran Vehicle Weapons Level 1  
  119  7:51  Terran Infantry Weapons Level 2  
  119  7:55  Terran Infantry Armor Level 2  
  119  7:56  SCV x2  
  118  8:02  Marine  
  119  8:05  Siege Tank  
  119  8:14  Marine x3  
  119  8:16  Command Center  
  119  8:17  Barracks Reactor x2, Barracks Tech Lab  
  119  8:19  Marauder  
  124  8:21  Medivac  
  124  8:25  Supply Depot  
  126  8:27  Supply Depot  
  126  8:36  Marauder  
  126  8:40  Marine  
  126  8:41  Marine x4  
  132  8:46  Factory Tech Lab  
  132  8:47  Siege Tank  
  134  8:50  Supply Depot  
  134  8:52  Supply Depot x2  
  134  8:54  Supply Depot  
  134  8:55  Marine x3  
  134  8:56  Medivac, Marine  
  134  8:57  Marine  
  135  9:03  Marine  
  135  9:04  Marauder, Marine  
  135  9:07  Marine x2  
  131  9:13  Siege Tank  
  131  9:14  Marine x2  
  131  9:15  Marine x2  
  131  9:16  Marauder  
  138  9:24  Marine  
  138  9:25  Sensor Tower, Marauder  
  138  9:28  Supply Depot, Siege Tank  
  144  9:32  Marine  
  144  9:36  SCV x2  
  144  9:37  Marauder, SCV  
  150  9:44  Marine  
  151  9:45  Siege Tank  
  151  9:46  Marine x2, Marauder  
  151  9:51  Marine  
  158  9:56  Marine  
  158  9:57  Marine  
  158  9:58  Marauder  
  149  10:02  Marine x2  
  141  10:08  Marauder, Siege Tank  
  145  10:14  Marine  
  145  10:15  Marine x2  
  145  10:17  SCV  
  145  10:18  SCV x2  
  145  10:20  Marauder  
  153  10:25  Supply Depot x2, Marine  
  153  10:27  Supply Depot  
  143  10:29  Marauder, Missile Turret  
  143  10:32  Planetary Fortress  
  145  10:39  Terran Infantry Weapons Level 3  
  147  10:44  Marine x7  
  147  10:48  Siege Tank  
  154  10:53  Siege Tank  
  154  10:56  Supply Depot  
  154  10:57  Supply Depot  
  154  10:59  Supply Depot  
  154  11:07  Marine x7  
  154  11:09  SCV x3  
  166  11:20  Medivac, Siege Tank  
  166  11:21  Medivac  
  166  11:22  Terran Vehicle Weapons Level 2  
  171  11:25  Siege Tank  
  171  11:27  Marauder x2  
  171  11:28  Terran Infantry Armor Level 3  
  171  11:32  SCV x3  
  179  11:48  Marauder x2  
  180  11:55  Medivac x2  
  180  11:59  Sensor Tower  
  180  12:01  Missile Turret  
  179  12:07  Supply Depot x2, Marine  
  179  12:08  Supply Depot  
  180  12:10  Marauder x2  
  181  12:21  Marine  
  181  12:22  Marine x6  
  172  12:25  Medivac x2, Marine  
  152  12:30  Marine  
  152  12:31  Marine  
  153  12:39  Marine x4  
  153  12:40  Marine x2, Siege Tank  
  162  12:48  Marine x2  
  162  12:49  Marauder x2, Siege Tank  
  165  12:55  Medivac x2  
  165  12:56  Concussive Shells  
  165  12:57  Marine x2  
  165  13:03  Marine x4  
  168  13:06  Marine  
  168  13:08  Supply Depot  
  168  13:09  Sensor Tower, Supply Depot  
  168  13:10  Supply Depot  
  169  13:16  Siege Tank  
  172  13:23  Command Center  
  172  13:25  Medivac x2  
  176  13:27  Siege Tank  
  168  13:49  Ghost Academy  
  168  13:51  Marine  
  168  13:52  Marine x9  
  120  14:03  Liberator x2  
  120  14:09  Marine x7  
  116  14:10  Marine, Marauder x2  
  116  14:11  Command Center, Supply Depot  
  116  14:15  Supply Depot x2  
  127  14:17  Supply Depot, Siege Tank x2  
  127  14:18  Supply Depot  
  139  14:27  Marine x7  
  139  14:31  Marine x2, Marauder  
  150  14:45  Marine x6  
  153  14:48  Marine x2  
  153  14:49  Marauder  
  153  14:50  Liberator x2  
  160  14:53  Marauder  
  160  14:54  Siege Tank x2  
  168  15:03  Marine x5  
  173  15:11  Marauder  
  181  15:14  Marauder  
  181  15:19  Marine  
  181  15:20  Marine x3  
  181  15:21  Marine x4  
  136  15:32  Marine  
  136  15:34  Liberator, Siege Tank x2  
  136  15:35  Marine  
  133  15:37  Marine x3  
  133  15:38  Marine  
  138  15:44  Planetary Fortress  
  138  15:45  Marine x4  
  142  15:50  Marauder  
  142  15:53  Marauder  
  142  15:55  Marine x3  
  155  15:59  Marine  
  155  16:02  Marine  
  155  16:03  Marine x3  
  136  16:11  Marine  
  122  16:13  Marine x3  
  122  16:14  Marine  
  122  16:17  Marine  
Tags
 
Add a new tag
Caveats
  • Supply blocks, unpowered buildings, or Contaminate may cause inaccurate times.
  • Supply counts are checked every 10 seconds.